 Dungeon Crawl Stone Soup version 0.27-a0-1502-g47ed6a6988 (webtiles) character file.

Game seed: 74749803374623723

107037 ABBCCCDDDD the Fighter (level 17, -8/115 HPs)
             Began as a Djinni Air Elementalist on July 9, 2021.
             Was a Believer of Hepliaklqana.
             Mangled by a guardian serpent (17 damage)
             ... on level 3 of the Snake Pit.
             The game lasted 01:59:39 (37066 turns).

ABBCCCDDDD the Fighter (Djinni Air Elementalist)   Turns: 37066, Time: 01:59:39

Health: -8/115     AC: 23    Str: 18    XL:     17   Next: 0%
Gold:   483        EV: 11    Int: 21    God:    Hepliaklqana [**....] SH: 11 Dex: 20

rFire    + + +     SeeInvis .   w - +6 falchion "Okuguez" {flame, +Rage rElec Int+4}
rCold    . . .     Faith    .   P - +0 buckler
rNeg     + + +     Spirit   .   q - quicksilver dragon scales
rPois    ∞         Reflect  +   G - +3 hat "Ziosmer" {rElec rF+ Str+4 Dex+4}
rElec    +         Harm     .   X - +1 cloak {rCorr}
rCorr    +         Rampage  .   l - +2 pair of gloves
Will     +....                  (boots unavailable)
Stlth    ++++......             H - amulet "Zyfeh" {Reflect rPois rN++ Will- Slay+3 SH+5}
HPRegen  0.29/turn              O - +4 ring of protection
MPRegen  0.00/turn              E - ring "Kuwethet" {rPois rC+ rN+ Str+2 Stlth+}

@: swift, on berserk cooldown, flying, slowed, constricted, slow
A: reduced essence, sickness immunity, fire resistance 2, cold vulnerability 1,
float, innate caster, hp casting, extra vitality 1
a: Renounce Religion, Evoke Berserk Rage, Recall Ancestor, Ancestor Identity


You were on level 3 of the Snake Pit.
You worshipped Hepliaklqana.
Hepliaklqana was pleased with you.
You visited 6 branches of the dungeon, and saw 26 of its levels.
You also visited: Ice Cave.

You collected 2497 gold pieces.
You spent 2014 gold pieces at shops.

Inventory:

Hand Weapons
 w - the +6 falchion "Okuguez" (weapon) {flame, +Rage rElec Int+4}
   (You found it on level 5 of the Dungeon)

   It has been specially enchanted to burn those struck by it, causing extra
   injury to most foes and up to half again as much damage against particularly
   susceptible opponents.
   Big, fiery blades are also staple armaments of hydra-hunters.
   Int:       It affects your intelligence (+4).
   rElec:     It insulates you from electricity.
   +Rage:     It lets you go berserk.
 J - a +3 long sword of freezing
 Z - a +6 double sword of freezing
Missiles
 b - 11 javelins
 I - a throwing net
Armour
 l - a +2 pair of gloves (worn)
 q - quicksilver dragon scales (worn)
 G - the +3 hat "Ziosmer" (worn) {rElec rF+ Str+4 Dex+4}
   (You found it on level 2 of the Orcish Mines)

   Str:       It affects your strength (+4).
   Dex:       It affects your dexterity (+4).
   rF:        It protects you from fire.
   rElec:     It insulates you from electricity.
 N - a +2 kite shield
 P - a +0 buckler (worn)
 X - a +1 cloak of preservation (worn)
Jewellery
 d - a ring of protection from cold
 m - a ring of wizardry
 s - a +6 ring of intelligence
 x - a ring of resist corrosion
 E - the ring "Kuwethet" (right hand) {rPois rC+ rN+ Str+2 Stlth+}
   (You bought it in a shop on level 2 of the Orcish Mines)

   [ring of poison resistance]

   Str:       It affects your strength (+2).
   rC:        It protects you from cold.
   rPois:     It protects you from poison.
   rN:        It protects you from negative energy.
   Stlth:     It makes you more stealthy.
 H - the amulet "Zyfeh" (around neck) {Reflect rPois rN++ Will- Slay+3 SH+5}
   (You took it off a gnoll on level 8 of the Dungeon)

   [amulet of reflection]

   It reflects blocked missile attacks.
   Slay:      It affects your accuracy & damage with ranged weapons and melee
   (+3).
   rPois:     It protects you from poison.
   rN:        It greatly protects you from negative energy.
   SH:        It affects your SH (+5).
   Will:      It decreases your willpower.
 O - a +4 ring of protection (left hand)
 Q - a ring of see invisible
 W - an amulet of regeneration
Wands
 i - a wand of flame (48)
 r - a wand of acid (11)
 K - a wand of iceblast (6)
 M - a wand of paralysis (17)
 R - a wand of digging (3)
 V - a wand of polymorph (7)
Scrolls
 e - 9 scrolls of teleportation
 f - a scroll of silence {unknown}
 h - a scroll of torment
 j - 2 scrolls of enchant weapon {unknown}
 o - 4 scrolls of immolation {unknown}
 p - 2 scrolls of fog {unknown}
 y - 5 scrolls of enchant armour {unknown}
 A - 6 scrolls of blinking {unknown}
 D - a scroll of vulnerability {unknown}
 L - 3 scrolls of amnesia {unknown}
 U - 2 scrolls of acquirement {unknown}
 Y - a scroll of summoning {unknown}
Potions
 a - 2 potions of brilliance
 c - 3 potions of might
 g - 6 potions of heal wounds
 k - 5 potions of attraction
 t - a potion of haste
 v - 2 potions of invisibility
 z - 9 potions of curing
 B - 4 potions of degeneration {unknown}
 C - 4 potions of lignification
 F - 2 potions of mutation
 T - a potion of cancellation
Miscellaneous
 n - a tin of tremorstones (2/2)
 u - a piece from Xom's chessboard (15/15)
 S - a lightning rod (4/4)


   Skills:
 + Level 13.6 Fighting
 + Level 12.0 Long Blades
 - Level 5.0 Armour
 - Level 5.0 Dodging
 - Level 5.0 Stealth
 - Level 4.0 Shields
 + Level 12.0 Spellcasting
 - Level 13.0 Evocations


You had one spell level left.
You knew the following spells:

 Your Spells              Type           Power      Damage    Failure   Level
a - Shock                 Conj/Air       100%       1d9       1%          1
b - Static Discharge      Conj/Air       59%        N/A       1%          2
c - Swiftness             Air            59%        N/A       1%          3
d - Airstrike             Air            29%        N/A       1%          4
e - Sandblast             Erth           100%       2d20      1%          1
f - Ensorcelled Hibernat  Hex/Ice        100%       N/A       1%          2
g - Wereblood             Tmut           59%        N/A       1%          2
h - Call Canine Familiar  Summ           59%        N/A       1%          3
i - Olgreb's Toxic Radia  Pois           59%        N/A       1%          4
j - Lee's Rapid Deconstr  Erth           29%        3d16*     1%          5
k - Shadow Creatures      Summ           N/A        N/A       10%         6
l - Death Channel         Necr           29%        N/A       10%         6
Your spell library was empty.

Dungeon Overview and Level Annotations

Branches:
Dungeon (13/15)            Temple (1/1) D:6            Lair (6/6) D:9
  Swamp (1/4) Lair:4        Snake (3/4) Lair:2        Slime (0/5) Lair:5
    Orc (2/2) D:11            Elf (0/3) Orc:2        Vaults (0/5) D:13
  IceCv (visited)

Altars:
Ashenzari
Cheibriados
Elyvilon
Gozag
Hepliaklqana
Kikubaaqudgha
Okawaru
Trog
Uskayaw
Vehumet
Wu Jian
Xom
Zin
Beogh
Jiyva

Shops:
Orc:1 !   Orc:2 (=![

Annotations:
D:8 exclusion: downstairs
Lair:2 Sonja
Snake:1 exclusion: downstairs


Innate Abilities, Weirdness & Mutations

Your life essence is reduced to manifest your ancestor. (-10% HP)
You are immune to sickness and miasma.
You are immune to poison.
Your flesh is very heat resistant. (rF++)
You are vulnerable to cold. (rC-)
You float through the air rather than walking.
You learn spells naturally, not from books.
Your magical power is your life essence.
You have superior vitality. (+4 HP)


Message History

The salamander is severely wounded.
You block the salamander's attack. The salamander closely misses you.
You barely miss the salamander.
The salamander is severely wounded.
The salamander hits you!
You are engulfed in flames.
You resist.
You hit the salamander.
The salamander is severely wounded.
The salamander hits you.
* * * LOW HITPOINT WARNING * * *
You are engulfed in flames.
You resist.
* * * LOW HITPOINT WARNING * * *
You slash the salamander!
The salamander is almost dead.
The guardian serpent casts a spell at you.
The salamander hits you!
* * * LOW HITPOINT WARNING * * *
You are engulfed in flames.
You resist.
* * * LOW HITPOINT WARNING * * *
Okay, then.
Unknown command.
You feel much better. You block the naga warrior's attack. x2
The salamander barely misses you. You block the naga warrior's attack.
The naga warrior grabs you. The naga warrior constricts you.
Okay, then.
Casting: Shock (safe; 1% risk of failure)
Confirm with . or Enter, or press ? or * to list all spells.
Aiming: Ensorcelled Hibernation (safe; 1% risk of failure)
Press: ? - help, Shift-Dir - straight line, f - naga warrior
Aim: a naga warrior, wielding a +0 trident (constricting you, chance to affect: 22%)
Okay, then.
Unknown command.
Casting: Ensorcelled Hibernation (safe; 1% risk of failure)
Confirm with . or Enter, or press ? or * to list all spells.
You feel quick.
* * * LOW HITPOINT WARNING * * *
The salamander hits you but does no damage.
The naga warrior hits you with a +0 trident!!
* * * LOW HITPOINT WARNING * * *
The naga warrior constricts you. The guardian serpent hits you!
You die...

#...#..## ##..#
#.......##....#
#.[.......<...#
##.............### #
.####................#####..
........!....................
....####<......#####.........
... #.....S##...##.......! ..
#......@.....#........ .
#.....N#N...)#†.......
#......##...†+#.......
...........#...)..#.......
...........###+#.##.......
...###........ ### ....... ..
'#......... S...... .
#...###### ....... #..##
.......


You could see a naga warrior, a salamander and a guardian serpent.

Vanquished Creatures
  A nagaraja (Snake:2)
  Snorg (D:10)
  2 boulder beetles
  6 anacondas
  6 naga warriors
  11 hydras
  A catoblepas (Lair:6)
  An alligator snapping turtle (Snake:1)
  2 ogre magi (Orc:2)
  A death knight (D:11)
  A centaur warrior (D:13)
  4 death yaks (Lair:6)
  A two-headed ogre (D:9)
  A deep troll shaman (Lair:6)
  2 alligators (Snake:1)
  2 naga sharpshooters (Snake:1)
  Urug (D:13)
  2 shock serpents
  A skeletal warrior (D:11)
  A salamander mystic (Snake:2)
  3 sea snakes (Snake:1)
  3 goliath frogs (Snake:1)
  2 naga ritualists
  2 lindwurms
  A deep elf zephyrmancer (Orc:2)
  A phantasmal warrior (D:11)
  8 mana vipers
  A deep elf pyromancer (Orc:2)
  7 orc sorcerers (Orc:2)
  An ugly thing (IceCv)
  5 salamanders
  A will-o-the-wisp (Lair:3)
  A manticore (D:13)
  7 elephants
  3 naga magi (Snake:2)
  6 guardian serpents
  17 black mambas
  8 cane toads
  A gargoyle (D:10)
  Maggie (D:8)
  2 rime drakes
  2 unseen horrors (D:10)
  A yaktaur (D:12)
  8 komodo dragons
  A freezing wraith (D:11)
  4 trolls
  A meliai (D:13)
  3 polar bears
  2 hornets
  15 blink frogs
  7 dream sheep
  4 snapping turtles (Snake:1)
  A spriggan (shapeshifter) (D:12)
  A spriggan (Lair:2)
  5 wyverns
  A wraith (D:11)
  9 basilisks
  49 yaks
  12 humans (D:13)
  3 vampire mosquitoes (D:12)
  22 nagas
  A warg (Orc:1)
  22 water moccasins
  A black bear (D:4)
  12 orc warriors
  2 necrophages
  3 ogres
  6 centaurs
  24 wolves
  5 kobold brigands
  Blork the orc (D:6)
  A gnoll sergeant (D:8)
  8 bullfrogs
  4 scorpions
  A wyvern skeleton (D:7)
  4 killer bees (D:9)
  4 wights (D:9)
  9 electric eels
  A crimson imp (Orc:2)
  3 centaur zombies
  A hound (D:5)
  A jelly (D:4)
  17 orc priests
  Crazy Yiuf (D:7)
  An iron imp (Orc:2)
  2 iguanas
  23 orc wizards
  A polar bear simulacrum (IceCv)
  4 wolf simulacra (IceCv)
  A howler monkey zombie (D:5)
  4 gnolls (D:8)
  7 adders
  A howler monkey skeleton (D:7)
  A shadow imp (Orc:2)
  A white imp (Orc:2)
  2 worms (D:2)
  3 dart slugs
  56 orcs
  8 endoplasms
  9 giant cockroaches
  6 goblins
  9 hobgoblins
  6 jackals
  31 kobolds
  3 quokkas
  8 ball pythons
  4 bats
  5 frilled lizards
  6 rats
614 creatures vanquished.

Vanquished Creatures (collateral kills)
  Aizul (Snake:2)
  Harold (D:7)
  2 hydras
  3 two-headed ogres
  Erica (Lair:2)
  An alligator (Snake:1)
  An alligator snapping turtle (Snake:1)
  A shock serpent (Snake:1)
  A goliath frog (Snake:1)
  A mana viper (Snake:1)
  An orc sorcerer (Orc:2)
  A salamander (Snake:3)
  2 guardian serpents (Snake:2)
  5 black mambas
  3 naga magi
  A komodo dragon (Lair:5)
  A yaktaur (D:12)
  A bunyip simulacrum (Swamp:1)
  A troll (D:10)
  A tyrant leech (Swamp:1)
  A polar bear (Lair:2)
  2 dream sheep
  A shadow (D:9)
  A wyvern (Lair:1)
  A yak (D:9)
  2 humans (D:13)
  3 nagas
  A water moccasin (D:9)
  A swamp drake (Orc:2)
  A black bear (Lair:6)
  4 ogres
  2 wolves
  A bullfrog (Lair:5)
  A water moccasin zombie (D:6)
  A wight (D:9)
  A howler monkey (D:6)
  A centaur zombie (D:6)
  2 orc priests
  A jelly (D:7)
  2 iguanas
  7 orc wizards
  5 orcs
72 creatures vanquished.

Vanquished Creatures (others)
  A naga warrior (Snake:1)
  A bloated husk (Swamp:1)
  A hydra simulacrum (Swamp:1)
  A swamp dragon zombie (Swamp:1)
  A hexer (Snake:3)
  15 ancestors
  An orc wizard (Orc:2)
  4 bushes (D:9)
  4 foxfires
  44 fungi
  94 plants
167 creatures vanquished.

Grand Total: 853 creatures vanquished

Notes
Turn   | Place    | Note
-------+----------+-------------------------------------------
     0 | D:1      | ABBCCCDDDD the Djinni Air Elementalist began the quest for
                  | the Orb.
     0 | D:1      | Reached XP level 1. HP: 15/15 MP: 0/0
   148 | D:1      | Reached XP level 2. HP: 20/22 MP: 0/0
   248 | D:1      | Reached skill level 1 in Fighting
   814 | D:1      | Reached XP level 3. HP: 22/27 MP: 0/0
   814 | D:1      | Learned a level 1 spell: Sandblast
  1441 | D:2      | Noticed a shining eye
  1451 | D:2      | Noticed a shining eye
  1455 | D:2      | Found a faded altar of an unknown god.
  1463 | D:2      | Reached XP level 4. HP: 18/33 MP: 0/0
  1655 | D:2      | Noticed a shining eye
  1660 | D:2      | Noticed an eye of devastation
  3193 | D:3      | Found an iron altar of Okawaru.
  3595 | D:3      | Reached XP level 5. HP: 34/38 MP: 0/0
  3595 | D:3      | Learned a level 2 spell: Ensorcelled Hibernation
  4440 | D:4      | Noticed a black bear
  4603 | D:4      | HP: 1/39 [/static electricity (3)]
  4911 | D:4      | Noticed a water moccasin
  5102 | D:4      | Reached XP level 6. HP: 43/45 MP: 0/0
  5276 | D:5      | Entered Level 5 of the Dungeon
  5337 | D:5      | Noticed a water moccasin
  5364 | D:5      | Noticed a water moccasin
  5376 | D:5      | Killed a water moccasin
  5534 | D:5      | Reached XP level 7. HP: 34/51 MP: 0/0
  5534 | D:5      | Learned a level 2 spell: Wereblood
  5934 | D:5      | Reached skill level 5 in Dodging
  6288 | D:5      | Reached skill level 1 in Armour
  6431 | D:5      | Identified the +6 falchion "Okuguez" {flame, +Rage rElec
                  | Int+4}
  6566 | D:5      | Reached XP level 8. HP: 44/58 MP: 0/0
  6570 | D:5      | Reached skill level 1 in Long Blades
  6570 | D:5      | Reached skill level 1 in Evocations
  7201 | D:4      | Reached skill level 5 in Fighting
  7436 | D:4      | Noticed a hornet
  7443 | D:4      | Killed a hornet
  7444 | D:4      | Reached XP level 9. HP: 47/65 MP: 0/0
  7444 | D:4      | Learned a level 3 spell: Call Canine Familiar
  8101 | D:6      | Found a hide-covered altar of Uskayaw.
  8330 | D:6      | Found a staircase to the Ecumenical Temple.
  8342 | D:6      | Noticed Blork the orc
  8354 | D:6      | Killed Blork the orc
  8935 | D:7      | Noticed Harold
  9059 | D:7      | Found a runed translucent door.
  9060 | D:7      | Noticed Crazy Yiuf
  9103 | D:7      | Killed Crazy Yiuf
  9599 | D:7      | Reached skill level 5 in Spellcasting
  9819 | D:8      | Found a broken altar of Ashenzari.
  9820 | D:8      | Found an opulent altar of Gozag.
  9822 | D:8      | Found a white marble altar of Elyvilon.
  9935 | D:8      | Noticed Maggie
  9968 | D:8      | Killed Maggie
  9969 | D:8      | Reached skill level 5 in Evocations
 10121 | D:8      | Noticed a rakshasa
 10251 | D:9      | Noticed a troll
 10435 | D:8      | Identified the amulet "Zyfeh" {Reflect rPois rN++ Will-
                  | Slay+3 SH+5}
 10546 | D:8      | Reached XP level 10. HP: 72/72 MP: 0/0
 10818 | D:7      | Killed Harold
 10819 | D:7      | Reached skill level 5 in Armour
 11526 | D:9      | Reached skill level 5 in Long Blades
 11568 | D:9      | Found a staircase to the Lair.
 12168 | D:9      | Noticed a two-headed ogre
 12177 | D:9      | Killed a two-headed ogre
 12178 | D:9      | Reached XP level 11. HP: 72/79 MP: 0/0
 12178 | D:9      | Learned a level 4 spell: Olgreb's Toxic Radiance
 12324 | D:9      | Found a glowing silver altar of Zin.
 12604 | D:10     | Entered Level 10 of the Dungeon
 12916 | D:10     | Noticed a two-headed hydra
 12919 | D:10     | Killed a one-headed hydra
 13259 | D:10     | Noticed Snorg
 13319 | D:10     | Killed Snorg
 13320 | D:10     | Reached skill level 10 in Evocations
 14432 | D:9      | Reached XP level 12. HP: 83/88 MP: 0/0
 14466 | Lair:1   | Entered Level 1 of the Lair of Beasts
 15003 | Lair:1   | Reached skill level 1 in Shields
 15502 | Lair:2   | Noticed Sonja
 15658 | Lair:2   | Noticed Erica
 15666 | Lair:2   | Killed Erica
 16106 | Lair:2   | Found a staircase to the Snake Pit.
 17067 | Lair:2   | Noticed a four-headed hydra
 17078 | Lair:2   | Killed a one-headed hydra
 17079 | Lair:2   | Reached XP level 13. HP: 94/94 MP: 0/0
 17079 | Lair:2   | Learned a level 5 spell: Lee's Rapid Deconstruction
 17419 | Lair:3   | Noticed a four-headed hydra
 17437 | Lair:3   | Killed a one-headed hydra
 17660 | Lair:3   | Reached skill level 10 in Fighting
 17783 | Lair:3   | Noticed a four-headed hydra
 17798 | Lair:3   | Killed a one-headed hydra
 19104 | Lair:4   | Noticed a six-headed hydra
 19106 | Lair:4   | Noticed a five-headed hydra
 19332 | Lair:4   | Found a staircase to the Swamp.
 19346 | Lair:4   | Killed a two-headed hydra
 19347 | Lair:4   | Killed a two-headed hydra
 19958 | Lair:4   | Noticed a seven-headed hydra
 19971 | Lair:4   | Killed a two-headed hydra
 19972 | Lair:4   | Reached XP level 14. HP: 78/103 MP: 0/0
 21867 | Lair:5   | Found a viscous altar of Jiyva.
 21867 | Lair:5   | Found a staircase to the Slime Pits.
 22086 | Lair:6   | Entered Level 6 of the Lair of Beasts
 22253 | Lair:6   | Found a frozen archway.
 22260 | IceCv    | Entered an ice cave
 22319 | IceCv    | Found a transporter.
 22343 | IceCv    | Found a transporter.
 23897 | Lair:6   | Reached skill level 10 in Spellcasting
 24135 | Lair:6   | Identified the ring "Zilapp" {Fire Str+4}
 24339 | Temple   | Entered the Ecumenical Temple
 24355 | Temple   | Became a worshipper of Hepliaklqana the Forgotten
 25671 | D:11     | You are sucked into a shaft and drop 2 floors!
 25763 | D:13     | Noticed Urug
 25772 | D:13     | Killed Urug
 25773 | D:13     | Reached XP level 15. HP: 112/112 MP: 0/0
 25773 | D:13     | Learned a level 6 spell: Shadow Creatures
 25835 | D:13     | Reached skill level 10 in Long Blades
 25884 | D:13     | Found a gate to the Vaults.
 26955 | D:11     | Found a staircase to the Orcish Mines.
 27132 | Orc:1    | Entered Level 1 of the Orcish Mines
 27133 | Orc:1    | Found Archyxu Kueb's Distillery.
 27138 | Orc:1    | Bought a potion of attraction for 51 gold pieces
 27138 | Orc:1    | Bought a potion of invisibility for 136 gold pieces
 27138 | Orc:1    | Bought a potion of cancellation for 136 gold pieces
 27233 | Orc:1    | Reached * piety under Hepliaklqana
 27263 | Orc:2    | Entered Level 2 of the Orcish Mines
 27628 | Orc:2    | Found a staircase to the Elven Halls.
 28767 | Orc:2    | Paralysed by an orc sorcerer for 2 turns
 29061 | Orc:2    | Found Wupaohus's Antique Weapon Boutique.
 29195 | Orc:2    | Found Fuku Ige's Jewellery Shop.
 29567 | Orc:2    | Found Giuxuvez's Antique Armour Boutique.
 29627 | Orc:2    | Found Xiwin's Distillery.
 29639 | Orc:2    | Bought a potion of lignification for 51 gold pieces
 29669 | Orc:2    | Bought the ring "Kuwethet" {rPois rC+ rN+ Str+2 Stlth+} for
                  | 497 gold pieces
 29693 | Orc:2    | Bought a glowing cloak for 240 gold pieces
 29704 | Orc:2    | Bought a pair of glowing gloves for 240 gold pieces
 29719 | Orc:2    | Bought a potion of might for 68 gold pieces
 29719 | Orc:2    | Bought a potion of heal wounds for 85 gold pieces
 29719 | Orc:2    | Bought a potion of heal wounds for 85 gold pieces
 29719 | Orc:2    | Bought a potion of might for 68 gold pieces
 29719 | Orc:2    | Bought a potion of mutation for 136 gold pieces
 29719 | Orc:2    | Bought a potion of heal wounds for 85 gold pieces
 29719 | Orc:2    | Bought a potion of invisibility for 136 gold pieces
 29933 | Orc:2    | Identified the +0 robe "Vehuimei" {rPois}
 30041 | Orc:2    | Identified the +3 hat "Ziosmer" {rElec rF+ Str+4 Dex+4}
 30042 | Orc:2    | Identified the +0 hat of Tewa {rPois Stlth+}
 30308 | Swamp:1  | Entered Level 1 of the Swamp
 30556 | Snake:1  | Entered Level 1 of the Snake Pit
 30754 | Snake:1  | Reached skill level 5 in Stealth
 31336 | Snake:1  | Reached XP level 16. HP: 82/108 MP: 0/0
 34904 | Snake:2  | Noticed Aizul
 35580 | Snake:2  | Killed Aizul
 35711 | Snake:2  | Noticed a nagaraja
 35745 | Snake:2  | Killed a nagaraja
 36696 | Snake:2  | Reached ** piety under Hepliaklqana
 36697 | Snake:2  | Remembered your ancestor Jens Ståhl as a hexer
 37043 | Snake:3  | Reached XP level 17. HP: 79/115 MP: 0/0
 37043 | Snake:3  | Learned a level 6 spell: Death Channel
 37066 | Snake:3  | Mangled by a guardian serpent

Illustrated notes

Levels and vault maps discovered:
D:1:      roderic_crossed_star, layout_basic, chequers_mini_garden
D:2:      layout_basic, hellmonk_ecumenical_altar_watching_god, serial_forest,
          infiniplex_forest_clump_diagonal, infiniplex_forest_end_3,
          infiniplex_forest_lined_4_way, infiniplex_forest_lined_3,
          infiniplex_forest_clump_long, grunt_ministairs_11,
          chequers_serial_rivers_large_b
D:3:      layout_basic, kennysheep_okawaru_gauntlet, serial_rivers,
          chequers_serial_rivers_room_b, chequers_serial_rivers_room_b,
          chequers_serial_rivers_small_a, chequers_serial_rivers_micro_b,
          chequers_serial_rivers_micro_a, chequers_serial_rivers_room_a
D:4:      layout_cave_pools
D:5:      kennysheep_kobold_camp, layout_basic, hangedman_abyss_or_decor_passed
D:6:      layout_loops_ring, marbit_many_paths, minmay_temple_entry_waves,
          uniq_blork_the_orc
D:7:      layout_basic, uniq_crazy_yiuf_cottage, uniq_harold
D:8:      layout_rooms, minitemple, kennysheep_big_empty_room,
          chequers_serial_rivers_small_3, minivault_22, uniq_maggie
D:9:      layout_cave_pools, kennysheep_little_box, minmay_lair_entry_grove
D:10:     layout_basic, hangedman_ranch, uniq_snorg
D:11:     layout_loops_ring, hiddenorc1_lemuel, minmay_misc_feat_tiny
D:12:     layout_roguey, minmay_protected_statue
D:13:     layout_irregular_city, david_vaults_3, minivault_26,
          kennysheep_minor_cross, uniq_frances
Temple:   regret_index_temple_sphere_string
Lair:1:   layout_regular_city, fungi_pond_lemuel
Lair:2:   layout_cave_pods, minmay_snake_entry_six_corridors,
          grunt_forest_large_clearing_hut, lemuel_fruit_fields, uniq_sonja,
          uniq_erica
Lair:3:   layout_regular_city, kennysheep_basilisk_garden
Lair:4:   layout_roguey, minmay_swamp_entry_wisps, beast_lair_carwin_4
Lair:5:   layout_layer_cave, dpeg_slime_entry_enclosed_altar
Lair:6:   grunt_lair_end_beastmaster, layout_layer_cave,
          portal_ice_cave_entry_pillars_2, grunt_megastairs_5,
          infiniplex_staircase_pool
Swamp:1:  layout_basic_swamp, nicolae_swamp_tree_isthmus, swamp_pool5,
          nicolae_swamp_necromancer_hut, uniq_roxanne
Snake:1:  layout_rooms, nicolae_snake_herptile_family_reunion
Snake:2:  layout_gridlike, uniq_aizul
Snake:3:  hangedman_cross_veins, layout_cave_town,
          nrook_guardian_serpent_double, grunt_megastairs_4
Orc:1:    layout_caves, basic_altar, serial_shops, shop_statue
Orc:2:    kennysheep_orc_mage_school, layout_diamond_mine, hangedman_minor_magic

Skill      XL: |  1  2  3  4  5  6  7  8  9 10 11 12 13 14 15 16 |
---------------+-------------------------------------------------+-----
Fighting       | 1 2 3 4 5 6 7 8 9 10 11 12 13 | 13.6
Dodging        | 3 4 5 |  5.0
Spellcasting   | 3 4 5 6 7 9 10 12 | 12.0
Armour         | 1 3 4 5 |  5.0
Long Blades    | 2 3 5 6 7 8 9 11 12 | 12.0
Evocations     | 3 5 8 10 11 13 | 13.0
Shields        | 4 |  4.0
Stealth        | 2 5 |  5.0

Action                   |  1- 3 |  4- 6 |  7- 9 | 10-12 | 13-15 | 16-18 || total
-------------------------+-------+-------+-------+-------+-------+-------++-------
Melee: Dagger            |       |    14 |     6 |       |       |       ||    20
       Falchion          |       |       |    74 |   321 |   809 |   337 ||  1541
 Cast: Shock             |    73 |   132 |   158 |   188 |   146 |    51 ||   748
       Ensorcelled Hiber |       |     6 |     3 |    12 |     1 |     2 ||    24
       Static Discharge  |       |     2 |     2 |       |       |     1 ||     5
       Call Canine Famil |       |       |    21 |    48 |    50 |    22 ||   141
       Olgreb's Toxic Ra |       |       |       |     2 |    96 |    20 ||   118
       Airstrike         |       |       |       |     1 |    20 |     4 ||    25
       Lee's Rapid Decon |       |       |       |       |     9 |    22 ||    31
       Swiftness         |       |       |       |       |     2 |     1 ||     3
       Wereblood         |       |       |       |       |     2 |       ||     2
       Shadow Creatures  |       |       |       |       |       |     5 ||     5
Invok: Recall Ancestor   |       |       |       |       |     2 |     1 ||     3
       Ancestor Identity |       |       |       |       |     1 |       ||     1
       Ancestor Life: He |       |       |       |       |       |     1 ||     1
 Abil: Evoke Berserk Rag |       |       |       |     8 |    12 |     4 ||    24
Evoke: Wand              |       |       |     3 |    16 |     9 |    19 ||    47
       Lightning rod     |       |       |       |       |     4 |       ||     4
       Piece from Xom's  |       |       |       |       |       |     1 ||     1
  Use: Scroll            |       |       |     4 |       |     3 |     2 ||     9
       Potion            |       |       |       |       |     1 |     3 ||     4
 Stab: Sleeping          |       |     5 |     2 |     3 |     4 |     6 ||    20
       Distracted        |       |       |     1 |     4 |     4 |     2 ||    11
       Confused          |       |       |       |       |       |     1 ||     1
Armor: Robe              |     6 |     8 |       |       |       |       ||    14
       Quicksilver drago |       |     9 |    59 |   157 |   274 |    79 ||   578
Dodge: Dodged            |    22 |    30 |    66 |   156 |   304 |   121 ||   699
Block: Other             |       |       |       |    69 |       |       ||    69
       Reflection        |       |       |       |     3 |     6 |    11 ||    20
       Buckler           |       |       |       |    13 |   364 |   123 ||   500
       Rpst.: Falchion   |       |       |    16 |    52 |    63 |    30 ||   161

Table legend: (Time is in decaauts)
 A = Elapsed time spent in this place.
 B = Non-inter-level travel time spent in this place.
 C = Inter-level travel time spent in this place.
 D = Time resting spent in this place.
 E = Time spent auto-exploring this place.
 F = Levels seen in this place.
 G = Mean time per level.
                   A        B        C        D        E       F      G
               +--------+--------+--------+--------+--------+-----+--------+
         Total |  37068 |  35006 |   2062 |  14824 |  13347 |  27 | 1372.9 |
       Dungeon |  17588 |  16345 |   1243 |   6349 |   7258 |  13 | 1352.9 |
        Temple |     32 |     17 |     15 |      0 |      8 |   1 |   32.0 |
          Lair |  11413 |  10894 |    519 |   5012 |   3985 |   6 | 1902.2 |
         Swamp |     12 |     12 |      0 |      0 |      0 |   1 |   12.0 |
     Snake Pit |   4931 |   4778 |    153 |   2323 |   1008 |   3 | 1643.7 |
  Orcish Mines |   2991 |   2860 |    131 |   1107 |   1088 |   2 | 1495.5 |
      Ice Cave |     98 |     98 |      0 |     33 |      0 |   1 |   98.0 |
               +--------+--------+--------+--------+--------+-----+--------+

Top non-repeatable levels by time:
  Lair:2: 3459 daAuts
 Snake:1: 3264 daAuts
    D:10: 2446 daAuts
     D:2: 2272 daAuts
   Orc:2: 2161 daAuts
     D:3: 1926 daAuts
  Lair:6: 1893 daAuts
  Lair:4: 1820 daAuts
     D:5: 1774 daAuts
     D:9: 1699 daAuts
  Lair:3: 1678 daAuts
  Lair:5: 1641 daAuts
    D:11: 1580 daAuts
 Snake:2: 1489 daAuts
     D:7: 1280 daAuts
